 Dungeon Crawl Stone Soup version 0.27.1 (webtiles) character file.

Game seed: 4272910475318852290

31 Destapler the Skirmisher (level 3, -3/29 HPs)
             Began as a Demonspawn Chaos Knight on Aug 28, 2021.
             Was a Plaything of Xom.
             Slain by a killer bee (6 damage)
             ... on level 2 of the Dungeon.
             The game lasted 00:01:41 (1045 turns).

Destapler the Skirmisher (Demonspawn Chaos Knight)  Turns: 1045, Time: 00:01:41

Health: -3/29      AC:  5    Str: 13    XL:     3   Next: 7%
Magic:  3/3        EV: 10    Int: 13    God:    Xom [..*...]
Gold:   20         SH:  3    Dex: 12    Spells: 2/2 levels left

rFire    . . .     SeeInvis .   a - +0 falchion (chaos)
rCold    . . .     Faith    .   g - +0 buckler
rNeg     . . .     Spirit   .   b - +2 leather armour
rPois    .         Reflect  .   (no helmet)
rElec    .         Harm     .   (no cloak)
rCorr    .         Rampage  .   (no gloves)
Will     .....                  (no boots)
Stlth    +.........             (no amulet)
HPRegen  0.09/turn              (no ring)
MPRegen  0.08/turn              (no ring)

@: no status effects
A: talons 1, demonic magic 1
a: Renounce Religion


You were on level 2 of the Dungeon.
You worshipped Xom.
You were a toy of Xom.
You visited 1 branch of the dungeon, and saw 2 of its levels.

You collected 20 gold pieces.

Inventory:

Hand Weapons
 a - a +0 falchion of chaos (weapon)
Armour
 b - a +2 leather armour (worn)
 g - a +0 buckler (worn)
Jewellery
 f - a +6 ring of intelligence
Scrolls
 c - 2 scrolls of identify {unknown}
 e - a scroll of fear {unknown}
Potions
 d - 3 potions of haste {unknown}
 h - a potion of mutation {unknown}


   Skills:
 + Level 3.3 Fighting
 + Level 3.0 Long Blades
 + Level 2.1 Armour
 + Level 1.4 Dodging
 * Level 0.7 Shields


You had 2 spell levels left.
You didn't know any spells.
Your spell library was empty.

Dungeon Overview and Level Annotations

Branches:
Dungeon (2/15)

Altars:
Nemelex Xobeh

Shops:
D:1 =


Innate Abilities, Weirdness & Mutations

You have sharp toenails.
Spells you cast may paralyse adjacent enemies.


Message History

No target in view!
No target in view!
No target in view!
Key pressed, stopping explore.
No target in view!
No target in view!
No target in view!
An adder comes into view.
There is a stone staircase leading down here.
Found a stone staircase leading down.
The adder hisses angrily.
You see here a +0 pair of gloves.
You hit the adder.
The adder evaporates and reforms as a killer bee!
Your kick misses the killer bee. The killer bee stings you!
You are poisoned.
The killer bee poisons you! You block the killer bee's attack.
You miss the killer bee.
You feel sick. The killer bee stings you. You block the killer bee's attack.
The killer bee barely misses you.
You riposte.
You barely miss the killer bee. You miss the killer bee.
Your kick misses the killer bee.
You feel sick.
The killer bee stings you but does no damage.
The killer bee closely misses you.
You miss the killer bee. Your kick misses the killer bee.
You feel sick. The killer bee stings you.
* * * LOW HITPOINT WARNING * * *
You block the killer bee's attack.
You closely miss the killer bee. Your kick misses the killer bee.
You feel sick. You block the killer bee's attack.
The killer bee barely misses you. The killer bee stings you.
* * * LOW HITPOINT WARNING * * *
You hit the killer bee but do no damage.
Your kick misses the killer bee.
You feel sick.
You are no longer poisoned.
The killer bee barely misses you. The killer bee closely misses you.
You hit the killer bee.
The killer bee is moderately wounded.
The killer bee closely misses you. The killer bee stings you.
You die...
Xom giggles madly!

..##†# ...#.## .#
##.#..# .# ...#..# .#
#.....# .# #####.## .#
#^###..### .#
.........########.##.#
#.#..........>..@....#
#.#.#<....#######y####
#.#.#......# >#
.)..†.............#
#...#......########
########.#.# #.#.#
#.#.# #.#.#


You could see a killer bee.

Vanquished Creatures
  An adder (D:2)
  A ball python (D:2)
  4 bats
  An endoplasm (D:2)
  3 goblins
  2 hobgoblins
  3 kobolds
  A quokka (D:1)
  3 frilled lizards (D:2)
  3 rats
22 creatures vanquished.

Vanquished Creatures (others)
  6 plants (D:2)
6 creatures vanquished.

Grand Total: 28 creatures vanquished

Notes
Turn   | Place    | Note
-------+----------+-------------------------------------------
     0 | D:1      | Destapler the Demonspawn Chaos Knight began the quest for
                  | the Orb.
     0 | D:1      | Reached XP level 1. HP: 18/18 MP: 1/1
    34 | D:1      | Found Huuczul's Jewellery Emporium.
    91 | D:1      | Reached skill level 1 in Dodging
   195 | D:1      | Gained mutation: You have sharp toenails. [demonic
                  | ancestry]
   195 | D:1      | Reached XP level 2. HP: 18/24 MP: 2/2
   735 | D:2      | Found a sparkling altar of Nemelex Xobeh.
   950 | D:2      | Gained mutation: Spells you cast may paralyse adjacent
                  | enemies. [demonic ancestry]
   950 | D:2      | Reached XP level 3. HP: 28/29 MP: 3/3
  1039 | D:2      | Noticed a killer bee
  1039 | D:2      | an adder changed into a killer bee
  1045 | D:2      | Slain by a killer bee

Illustrated notes

Levels and vault maps discovered:
D:1:      psy_arrival_statuary, layout_basic, serial_shops, nicolae_square_shop,
          minmay_tromino_v4_c
D:2:      minmay_evil_eye, layout_loops_ring, basic_altar, serial_bayou_crossing

Skill      XL: |  1  2 |
---------------+-------+-----
Dodging        | 1 |  1.4
Armour         | 2 |  2.1
Long Blades    | 3 |  3.0
Fighting       | |  3.3
Shields        | |  0.7

Action                   || total
-------------------------++-------
Melee: Falchion          ||    58
       Kick              ||     7
 Stab: Paralysed         ||     1
Armor: Leather armour    ||    28
Dodge: Dodged            ||    32
Block: Buckler           ||     4
       Rpst.: Falchion   ||     7
